 Dungeon Crawl Stone Soup version 0.32-a0-975-g85d4e5bfdb (webtiles) character file.

Game seed: 5482478836223249249

4 Maxmaps the Caller (level 1, 0/13 HPs)
             Began as a Demonspawn Summoner on Apr 19, 2024.
             Slain by a ball python (1 damage)
             ... on level 1 of the Dungeon.
             The game lasted 00:00:30 (349 turns).

Maxmaps the Caller (Demonspawn Summoner)             Turns: 349, Time: 00:00:31

Health: 0/13       AC:  2    Str:  8    XL:     1   Next: 58%
Magic:  1/3        EV: 11    Int: 15    God:
Gold:   14         SH:  0    Dex: 13    Spells: 3/4 levels left

rFire   . . .        d - +0 whip
rCold   . . .        (no shield)
rNeg    . . .        a - +0 robe
rPois   .            (no helmet)
rElec   .            (no cloak)
rCorr   .            (no gloves)
SInv    .            (no boots)
Will    .....        (no amulet)
Stlth   ++           (no ring)
HPRegen 0.22/turn    (no ring)
MPRegen 0.08/turn

%: no passive effects
@: no status effects
A: no striking features
a: no special abilities


You were on level 1 of the Dungeon.
You visited 1 branch of the dungeon, and saw 1 of its levels.

You collected 14 gold pieces.

Inventory:

Hand Weapons
 d - a +0 whip (weapon)
Armour
 a - a +0 robe (worn)
Jewellery
 f - a ring of fire
 g - a +6 ring of dexterity
 h - a ring of willpower
Scrolls
 c - a scroll of revelation {unknown}
 e - a scroll of identify {unknown}
Potions
 b - a potion of magic
 i - a potion of enlightenment {unknown}


   Skills:
 - Level 1.7 Dodging
 - Level 1.7 Stealth
 - Level 2.0 Spellcasting
 + Level 4.2 Summonings


You had 3 spell levels left.
You knew the following spells:

 Your Spells              Type           Power      Damage    Failure   Level
a - Summon Small Mammal   Summ           56%        N/A       3%          1

Your spell library contained the following spells:

 Spells                   Type           Power      Damage    Failure   Level
 Call Imp                 Summ           28%        N/A       6%          2
 Call Canine Familiar     Summ           14%        N/A       12%         3
 Summon Blazeheart Golem  Fire/Summ      7%         N/A       67%         4
 Summon Lightning Spire   Summ/Air       7%         N/A       67%         4


Dungeon Overview and Level Annotations

Branches:
Dungeon (1/15)

Altars:


Message History

You hit the giant cockroach.
The giant cockroach is severely wounded.
The ball python bites you but does no damage.
The ball python barely misses you. The giant cockroach misses you.
You barely miss the giant cockroach.
The giant cockroach is severely wounded.
The ball python barely misses you. The ball python completely misses you.
The giant cockroach closely misses you. The ball python barely misses you.
The ball python grabs you. The ball python constricts you.
The ball python's grasp on you weakens, but your attempt to escape fails.
The giant cockroach bites you but does no damage.
The ball python bites you. The ball python constricts you.
The giant cockroach bites you but does no damage.
You escape the ball python's grasp.
You swap places.
Your rat barely misses the giant cockroach.
The giant cockroach closely misses your rat.
Your rat closely misses the giant cockroach.
The ball python bites your rat. The ball python grabs your rat.
The ball python constricts your rat. The giant cockroach bites your rat.
Your rat dies!
Your rat's corpse disappears in a puff of smoke!
There is an open door here.
The giant cockroach waves its antennae.
The ball python closely misses you.
The giant cockroach bites you but does no damage.
The ball python misses you. The ball python closely misses you.
The giant cockroach closely misses you. The ball python barely misses you.
The ball python completely misses you.
The giant cockroach bites you but does no damage.
The ball python bites you. The ball python grabs you.
The ball python constricts you. The ball python bites you.
* * * LOW HITPOINT WARNING * * *
The ball python bites you.
* * * LOW HITPOINT WARNING * * *
The ball python constricts you.
* * * LOW HITPOINT WARNING * * *
You escape the ball python's grasp.
The giant cockroach bites you but does no damage.
The ball python bites you.
You die...

#.....g ####.####.# ##.........
#.....l###.....).#.###..........
......g..'.......#..##.#....†.##
##########g......##.#..#......#
########..l....##.#.##......#
.......).......##..>.+......+
######.....K.S.#######......#
#......BS.#######......#
#....#.B@.............##
#....################.# #....#
..........#.### #....#
#######.#...... .......
#.#.#.### ###. #.#.#.# #.#.#.#
#.#.#.# #.#.#.#.#


You could see 2 giant cockroaches, a hobgoblin, 2 ball pythons, a kobold and a
frilled lizard.

Vanquished Creatures
  An endoplasm (D:1)
  A kobold (D:1)
2 creatures vanquished.

Vanquished Creatures (collateral kills)
  A ball python (D:1)
  A kobold (D:1)
2 creatures vanquished.

Grand Total: 4 creatures vanquished

Notes
Turn   | Place    | Note
-------+----------+-------------------------------------------
     0 | D:1      | Maxmaps the Demonspawn Summoner began the quest for the
                  | Orb.
     0 | D:1      | Reached XP level 1. HP: 13/13 MP: 3/3
   349 | D:1      | Slain by a ball python

Illustrated notes

Levels and vault maps discovered:
D:1:      psy_arrival_fountain, layout_basic, hellmonk_ecumenical_altar_blasted

Action                     || total
---------------------------++-------
  Melee: Whip              ||    20
         Unarmed           ||     4
   Cast: Summon Small Mamm ||     8
 Armour: Robe              ||    36
  Dodge: Dodged            ||    44

Table legend: (Time is in decaauts)
 A = Elapsed time spent in this place.
 B = Non-inter-level travel time spent in this place.
 C = Inter-level travel time spent in this place.
 D = Time resting spent in this place.
 E = Time spent auto-exploring this place.
 F = Levels seen in this place.
 G = Mean time per level.
                   A        B        C        D        E       F      G
               +--------+--------+--------+--------+--------+-----+--------+
         Total |    350 |    350 |      0 |     31 |    231 |   1 |  350.0 |
       Dungeon |    350 |    350 |      0 |     31 |    231 |   1 |  350.0 |
               +--------+--------+--------+--------+--------+-----+--------+

Top non-repeatable levels by time:
     D:1: 350 daAuts
